 Dungeon Crawl Stone Soup version 0.30-a0-586-g23e55c9e0a (webtiles) character file.

Game seed: 14829970550625648065

2 drugrobin the Sneak (level 1, -1/18 HPs)
             Began as a Demigod Delver on Jan 3, 2023.
             Slain by an orc
             ... wielding a +0 flail
              (5 damage)
             ... on level 5 of the Dungeon.
             The game lasted 00:02:27 (314 turns).

drugrobin the Sneak (Demigod Delver)                 Turns: 314, Time: 00:02:27

Health: -1/18      AC:  3    Str: 13    XL:     1   Next: 20%
Magic:  3/3        EV: 11    Int: 12    God:
Gold:   0          SH:  0    Dex: 15    Spells: 0/0 levels left

rFire   . . .      SeeInvis .      - Unarmed
rCold   . . .      Faith    .    (no shield)
rNeg    . . .      Spirit   .    a - +0 leather armour
rPois   .          Reflect  .    (no helmet)
rElec   .          Harm     .    (no cloak)
rCorr   .          Rampage  .    (no gloves)
Will    .....                    (no boots)
Stlth   +++                      (no amulet)
HPRegen 0.23/turn                (no ring)
MPRegen 0.08/turn                (no ring)

@: hasted, very quick
A: high MP 1, forlorn, divine attributes
a: no special abilities


You were on level 5 of the Dungeon.
You visited 1 branch of the dungeon, and saw 1 of its levels.

Inventory:

Armour
 a - a +0 leather armour (worn)
Scrolls
 b - a scroll of fog
Potions
 g - a potion of brilliance


   Skills:
 - Level 2.6 Fighting
 - Level 1.7 Dodging
 - Level 4.5 Stealth
 + Level 2.0 Unarmed Combat


You couldn't memorise any spells.
You didn't know any spells.
Your spell library was empty.

Dungeon Overview and Level Annotations

Branches:
Dungeon (5/15)
 Temple: D:4-7

Annotations:
D:5 exclusions: black bear, iguana and scorpion, Eustachio


Innate Abilities, Weirdness & Mutations

You have an increased reservoir of magic. (+10% MP)
You shall have no god before yourself.
Your divine heritage dramatically boosts your attributes as you level up.


Message History

Unknown command.
Unknown command.
Unknown command.
Unknown command.
Unknown command.
Unknown command.
Unknown command.
Unknown command.
Unknown command.
The orc shouts!
Unknown command.
Unknown command.
Unknown command.
Okay, then.
Okay, then.
Aiming: Dig
Press: ? - help, Shift-Dir - straight line A rock wall.
The rock shatters into small pieces.
Unknown command.
Unknown command.
Unknown command.
Unknown command.
Unknown command.
Unknown command.
Unknown command.
Okay, then.
As you read the scroll labelled NIUMOTU YVAC, it crumbles to dust.
It is a scroll of identify.
g - a potion of brilliance The hound bites you but does no damage.
Unknown command.
Aiming: Dig
Press: ? - help, Shift-Dir - straight line A rock wall.
The rock shatters into small pieces.
The now-empty wand crumbles to dust.
The hound bites you.
* * * LOW HITPOINT WARNING * * *
The necrophage barely misses you. The orc hits you with a +0 flail.
You die...

###.##### #.)..# #.##h,,, ##...#
#.##.# #.#,..** ..r### #.#*.#
#.,,,.# ##.# #.#*.# ##*,,.#*
#l#######*#####.#*.##***# **,,.,
#.....o..,.o.....,..,,,.#***,**,
#.#######*#o.##.#*.#*,...,,,,**,
#.# #..##.##.##.#.#******, ##.###
#..oh@n......#,******, .....#
#####.ro##o....##*,,,,,,,
.....####.l...####.s###.#,*******
.........r...?S.....# **,**
................s...#***,*
...........#............,*
######........##########**
##########


You could see a necrophage, a scorpion, an iguana, a hound, 3 orcs, a quokka and
a rat (summoned).

Vanquished Creatures
  An orc (D:5)
1 creature vanquished.

Notes
Turn   | Place    | Note
-------+----------+-------------------------------------------
     0 | D:5      | drugrobin the Demigod Delver began the quest for the Orb.
     0 | D:5      | Reached XP level 1. HP: 18/18 MP: 3/3
    58 | D:5      | Noticed a scorpion
   108 | D:5      | Noticed a black bear
   212 | D:5      | Noticed a jelly
   245 | D:5      | Noticed an iguana
   267 | D:5      | Noticed Eustachio
   273 | D:5      | Noticed a quasit
   289 | D:5      | Noticed a hound
   294 | D:5      | Noticed a scorpion
   300 | D:5      | Noticed a necrophage
   314 | D:5      | Slain by an orc

Illustrated notes

Levels and vault maps discovered:
D:5:      layout_loops_ring, uniq_eustachio, uniq_menkaure,
          uniq_crazy_yiuf_cottage

Skill      XL: |  1 |
---------------+----+-----
Unarmed Combat | 2 |  2.0
Fighting       | |  2.6
Dodging        | |  1.7
Stealth        | |  4.5

Action                   || total
-------------------------++-------
Melee: Unarmed           ||     6
Evoke: Wand              ||     3
  Use: Scroll            ||     3
       Potion            ||     1
Armor: Leather armour    ||     8
Dodge: Dodged            ||    15

Table legend: (Time is in decaauts)
 A = Elapsed time spent in this place.
 B = Non-inter-level travel time spent in this place.
 C = Inter-level travel time spent in this place.
 D = Time resting spent in this place.
 E = Time spent auto-exploring this place.
 F = Levels seen in this place.
 G = Mean time per level.
                   A        B        C        D        E       F      G
               +--------+--------+--------+--------+--------+-----+--------+
         Total |    305 |    305 |      0 |      0 |     95 |   1 |  305.0 |
       Dungeon |    305 |    305 |      0 |      0 |     95 |   1 |  305.0 |
               +--------+--------+--------+--------+--------+-----+--------+

Top non-repeatable levels by time:
     D:5: 305 daAuts
